 Dungeon Crawl Stone Soup version 0.19.4-9-g45fd643 (webtiles) character file.

393806 Mefis the Eclecticist (level 22, -6/117 HPs)
             Began as a Deep Elf Ice Elementalist on Feb 16, 2017.
             Was an Elder of Sif Muna.
             Engulfed by a cloud of freezing vapour (11 damage)
             ... on level 2 of the Vaults on Feb 17, 2017.
             The game lasted 04:36:16 (84443 turns).

Mefis the Eclecticist (Deep Elf Ice Elementalist)  Turns: 84443, Time: 04:36:18

Health: -6/117     AC: 12    Str:  7    XL:     22   Next: 14%
Magic:  42/62      EV: 20    Int: 43    God:    Sif Muna [****..]
Gold:   1414       SH:  5    Dex: 17    Spells: 13 memorised, 0 levels left

rFire  . . .     SeeInvis +     a - staff of power
rCold  . . .     Gourm    .     C - +2 robe {Archmagi}
rNeg   . . .     Faith    .     d - +0 buckler
rPois  .         Spirit   .     D - +2 helmet {SInv}
rElec  .         Reflect  .     l - +0 cloak
rCorr  .         Harm     .     i - +0 pair of gloves
MR     ++...                    P - +2 pair of boots {Fly}
Stlth  +++.......               B - amulet of regeneration
                                S - +6 ring of intelligence
                                p - +6 ring of intelligence

@: flying, very slightly contaminated, studying Invocations, repel missiles
A: agile 1, strong 1
a: Divine Energy, Channel Magic, Forget Spell, Renounce Religion, Stop Flying
}: 2/15 runes: barnacled, gossamer


You were on level 2 of the Vaults.
You worshipped Sif Muna.
Sif Muna was greatly pleased with you.
You were hungry.

You visited 8 branches of the dungeon, and saw 38 of its levels.
You also visited: Bailey.

You collected 4779 gold pieces.
You spent 3365 gold pieces at shops.

Inventory:

Hand Weapons
 b - the +10 whip of Circular Logic {slash, +Inv rPois MR- Str+4 Int+2}
   (You found it on level 4 of the Shoals)

   It inflicts extra damage upon your enemies.
   It affects your strength (+4).
   It affects your intelligence (+2).
   It protects you from poison.
   It affects your resistance to hostile enchantments.
   It lets you turn invisible.
Missiles
 X - 9 throwing nets (quivered)
Armour
 d - a +0 buckler (worn)
 i - a +0 pair of gloves (worn)
 l - a +0 cloak (worn)
 C - a +2 robe of the Archmagi (worn)
 D - a +2 helmet of see invisible (worn)
 P - a +2 pair of boots of flying (worn)
Magical Staves
 a - an uncursed staff of power (weapon)
 A - an uncursed staff of death
Rods
 c - a +5 lightning rod (10/10)
   (You took it off a deep elf demonologist on level 3 of the Elven Halls)
Jewellery
 p - a +6 ring of intelligence (left hand)
 y - the ring of Pyromania {rC+ Str+4 Slay-2}
   (You found it on level 3 of the Vaults)

   [ring of slaying]

   It affects your strength (+4).
   It affects your accuracy and damage with ranged weapons and melee attacks
   (-2).
   It protects you from cold.
 B - an amulet of regeneration (around neck)
 S - a +6 ring of intelligence (right hand)
Wands
 e - a wand of iceblast (2/15)
 u - a wand of paralysis (8/24)
 K - a wand of acid (0/15)
 N - a wand of disintegration (10/24)
 T - a wand of heal wounds (5/9)
Scrolls
 g - 9 scrolls of teleportation
 k - 9 scrolls of fear
 m - 18 scrolls of remove curse
 s - 5 scrolls of blinking
 E - 6 scrolls of magic mapping
 F - a scroll of enchant armour
 Q - 7 scrolls of fog
 W - 6 scrolls of recharging
Potions
 h - 10 potions of curing
 n - 7 potions of brilliance
 q - 9 potions of agility
 r - 4 potions of resistance
 v - 3 potions of cancellation
 w - 3 potions of haste
 x - a potion of heal wounds
 G - 2 potions of magic
 H - a potion of invisibility
 L - 6 potions of ambrosia
Books
 f - a manual of Invocations
 t - Sif Muna's Grimoire of Poisonous Flames
   (Sif Muna gifted it to you on level 1 of the Vaults)

   Spells                             Type                      Level
   a - Conjure Flame                  Conjuration/Fire             3
   b - Ignite Poison                  Fire/Transmutation/Poison    3
   c - Venom Bolt                     Conjuration/Poison           5
   d - Fireball                       Conjuration/Fire             5
   e - Poison Arrow                   Conjuration/Poison           6
 R - Noeddek's Catalogue of the Glacier and Unholy Magic
   (Sif Muna gifted it to you on level 3 of the Vaults)

   Spells                             Type                      Level
   a - Throw Icicle                   Conjuration/Ice              4
   b - Cigotuvi's Embrace             Necromancy                   5
   c - Death's Door                   Charms/Necromancy            8
   d - Necromutation                  Transmutation/Necromancy     8
 Z - a book of Summonings

   Spells                             Type                      Level
   a - Recall                         Summoning/Translocation      3
   b - Aura of Abjuration             Summoning                    5
   c - Summon Demon                   Summoning                    5
   d - Summon Forest                  Summoning/Translocation      5
   e - Summon Mana Viper              Hexes/Summoning              5
   f - Shadow Creatures               Summoning                    6
Miscellaneous
 z - a fan of gales
 M - a sack of spiders
 O - a phial of floods
 U - a lamp of fire
Comestibles
 j - 6 bread rations
 o - 8 fruits
 I - 4 slices of pizza
 J - a beef jerky
 V - 20 royal jellies
 Y - a meat ration


   Skills:
 - Level 6.0 Fighting
 - Level 10.6 Dodging
 - Level 5.0 Stealth
 - Level 4.1 Shields
 + Level 19.1 Spellcasting
 + Level 16.5 Conjurations
 + Level 17.9 Charms
 + Level 14.2 Summonings
 + Level 15.0 Necromancy
 * Level 12.9 Translocations
 + Level 16.9 Ice Magic
 + Level 14.8 Invocations
 - Level 2.6 Evocations


You couldn't memorise any spells.
You knew the following spells:

 Your Spells              Type           Power        Failure   Level  Hunger
a - Bolt of Cold          Conj/Ice       ########..   1%          6    None
b - Summon Butterflies    Summ           ########     0%          1    None
c - Blink                 Tloc           N/A          0%          2    None
i - Repel Missiles        Chrm/Air       ######       1%          2    None
m - Spellforged Servitor  Conj/Summ      ########..   1%          7    None
n - Haunt                 Necr/Summ      ########..   1%          7    None
o - Regeneration          Chrm/Necr      ########..   0%          3    None
p - Ozocubu's Armour      Chrm/Ice       ########     0%          3    None
q - Freezing Cloud        Conj/Ice/Air   ########..   1%          6    None
s - Orb of Destruction    Conj           ########..   1%          7    None
u - Death's Door          Chrm/Necr      ########..   6%          8    ##.....
w - Metabolic Englaciati  Hex/Ice        ########..   1%          5    None
x - Swiftness             Chrm/Air       ########     1%          2    None


Dungeon Overview and Level Annotations

Branches:
Dungeon (15/15)            Temple (1/1) D:5            Lair (6/6) D:10
 Shoals (4/4) Lair:4       Spider (4/4) Lair:2        Slime (0/5) Lair:5
    Orc (2/2) D:11            Elf (3/3) Orc:2        Vaults (3/5) D:14
 Depths (0/5) D:15
  Crypt: Vaults:2-3

Altars:
Ashenzari
Cheibriados
Dithmenos
Elyvilon
Fedhas
Gozag
Hepliaklqana
Kikubaaqudgha
Makhleb
Nemelex Xobeh
Okawaru
Qazlal
Ru
Sif Muna
Trog
Uskayaw
Vehumet
Xom
Yredelemnul
Zin
The Shining One

Shops:
D:5 ?   D:7 (   D:13 *   Orc:1 (}**[   Orc:2 (!*=?   Elf:1 :   Elf:2 }

Portals:
Trove: D:11 (give wand of hasting (9))

Annotations:
Lair:4 exclusion: oklob plant


Innate Abilities, Weirdness & Mutations

You are agile. (Dex +2)
Your muscles are strong. (Str +2)


Message History

You are engulfed in freezing vapours.
You are engulfed in freezing vapours.
You are engulfed in freezing vapours.
You are engulfed in freezing vapours.
You are engulfed in freezing vapours.
Your time is quickly running out!
You are engulfed in freezing vapours.
You are engulfed in freezing vapours.
You are engulfed in freezing vapours.
You are engulfed in freezing vapours.
You are engulfed in freezing vapours.
You are engulfed in freezing vapours.
You are engulfed in freezing vapours.
You are engulfed in freezing vapours.
Your life is in your own hands again!
You are engulfed in freezing vapours.
* * * LOW HITPOINT WARNING * * *
You feel less exhausted.
You are engulfed in freezing vapours.
You die...

..........................#......
..........................#######
.................................
.................................
......#################..........
......# #.........'......)...
......# #.........#..........
......# #...§.§>).#...#####'#
......# #...@§§...#...#......
##....# #...§§§...#...#......
.#....# #.........#...#......
>#....# #####'#########...#......
.#....# #......# #...#......
.#....# #......# #...#......
.#....# #......# #...#######
.#....# #......# #..).......
.'))..# #......# #....)###'#


There were no monsters in sight!

Vanquished Creatures
  Mara (Spider:4)
  Bai Suzhen (Shoals:4)
  A deep elf blademaster (Elf:3)
  2 deep elf master archers (Elf:3)
  A kraken (Shoals:2)
  The ghost of Azzok the Fencer, an adept MiFi of Okawaru (Elf:1)
  Frances (Spider:2)
  A frost giant (D:15)
  10 vault wardens
  8 deep elf sorcerers (Elf:3)
  A fire giant (Vaults:2)
  8 ghost moths
  3 emperor scorpions (Spider:4)
  2 orc warlords
  A deep elf elementalist (Elf:3)
  6 ironheart preservers
  7 entropy weavers
  2 stone giants
  8 deep elf demonologists
  11 deep elf annihilators
  3 spark wasps
  8 merfolk javelineers
  Snorg (Orc:1)
  8 deep elf death magi
  An ettin (Vaults:2)
  A fire dragon (Vaults:1)
  3 ogre magi
  5 merfolk impalers
  2 yaktaur captains
  Erolcha (D:9)
  A rakshasa (Vaults:2)
  7 deep elf high priests
  6 vault guards
  11 hydras
  Harold (D:10)
  2 ice dragons
  7 centaur warriors
  2 catoblepae
  An alligator snapping turtle (Shoals:4)
  5 merfolk aquamancers
  Erica (Orc:1)
  A satyr (Shoals:4)
  4 merfolk avatars
  29 dancing weapons
  2 death yaks (Lair:5)
  The ghost of Kosschaser the Slicer, a novice DrAs of Dithmenos (Bailey)
  6 orc high priests
  2 tengu warriors (D:13)
  A shock serpent (shapeshifter) (Vaults:1)
  Urug (Lair:4)
  Nergalle (Lair:2)
  20 deep elf knights
  A shadow wraith (D:14)
  5 skeletal warriors
  3 unseen horrors
  7 deep trolls (Vaults:1)
  12 hill giants
  10 sea snakes
  A glowing orange brain (Vaults:1)
  A hill giant (shapeshifter) (Elf:3)
  4 ironbrand convokers
  26 deep elf archers
  A necromancer (D:10)
  21 harpies
  2 wizards
  9 orc knights
  An oklob plant (Lair:3)
  28 orb spiders
  8 fauns
  12 orc sorcerers
  43 wolf spiders
  11 cyclopes
  17 manticores
  13 ugly things
  3 moths of wrath
  56 deep elf magi
  6 sirens
  8 vault sentinels
  2 torpor snails
  8 elephants
  2 black mambas
  3 centaur zombies
  15 spiny frogs
  An eye of devastation (Lair:5)
  A storm dragon simulacrum (Vaults:3)
  A water nymph (Shoals:2)
  3 gargoyles
  2 rime drakes
  A kobold demonologist (D:12)
  12 komodo dragons
  26 yaktaurs
  11 demonic crawlers
  2 freezing wraiths
  2 queen bees
  7 polar bears
  28 merfolk
  6 trolls
  40 jumping spiders
  4 wind drakes
  11 slime creatures
  A wind drake (shapeshifter) (D:14)
  18 hornets
  A snapping turtle (shapeshifter) (D:15)
  4 two-headed ogres
  6 meliai
  9 hippogriffs
  9 snapping turtles
  4 flying skulls (D:10)
  12 dream sheep
  9 blink frogs
  A human simulacrum (Vaults:1)
  44 tarantellas
  3 air elementals
  A shadow (D:11)
  90 redbacks
  A spriggan (shapeshifter) (Vaults:3)
  2 vampires (D:13)
  10 spriggans (Lair:1)
  10 wyverns
  37 yaks
  11 water elementals
  6 wraiths
  4 fire elementals
  4 basilisks
  3 hungry ghosts
  A yaktaur simulacrum (Vaults:1)
  A hog (shapeshifter) (Vaults:2)
  2 steam dragons
  6 vampire mosquitoes
  2 mottled dragons
  7 wargs
  12 water moccasins
  10 porcupines
  2 ice beasts
  5 phantoms
  2 hornet zombies
  A black bear (shapeshifter) (D:14)
  An eye of draining (Lair:5)
  59 orc warriors
  14 wolves
  5 black bears
  3 necrophages
  5 sky beasts
  21 ogres
  5 boggarts (Vaults:2)
  14 centaurs
  15 crocodiles
  4 big kobolds
  16 bullfrogs
  5 earth elementals
  A deep troll simulacrum (Vaults:2)
  A wyvern zombie (D:13)
  A water moccasin zombie (D:10)
  4 elf skeletons (D:8)
  8 scorpions
  42 killer bees
  2 troll zombies (D:11)
  14 wights
  2 howler monkeys
  14 electric eels
  7 crimson imps
  4 bullfrog zombies
  6 hounds
  7 jellies
  6 bullfrog skeletons
  2 gnoll shamans
  34 orc priests
  7 centaur skeletons
  26 orc wizards
  Ijyb (D:2)
  4 iguanas
  6 worker ants
  6 ogre zombies (D:11)
  A hound zombie (D:10)
  2 hound skeletons (D:10)
  2 worker ant zombies
  A howler monkey zombie (D:10)
  15 adders
  54 gnolls
  A howler monkey skeleton (D:10)
  A river rat (D:10)
  6 shadow imps
  3 adder skeletons
  3 adder zombies
  5 worms
  2 dart slugs
  9 leopard geckos
  140 orcs
  3 ball pythons
  7 bats
  5 giant cockroaches
  15 goblins
  21 hobgoblins
  24 jackals
  25 kobolds
  11 quokkas
  A ball python skeleton (D:4)
  5 frilled lizards
  2 goblin skeletons (D:11)
  5 goblin zombies (D:11)
  3 hobgoblin zombies (D:11)
  A jackal zombie (D:6)
  3 orc skeletons
  14 orc zombies (D:11)
  A quokka skeleton (D:5)
  12 rats
  A crawling corpse (Elf:1)
  2 fungi
  9 plants
1856 creatures vanquished.

Vanquished Creatures (collateral kills)
  Saint Roka (Vaults:1)
  A deep elf blademaster (Elf:3)
  A deep elf master archer (Elf:3)
  Agnes (Spider:2)
  Kirke (D:13)
  Ilsuiw (Shoals:4)
  A deep elf annihilator (Elf:3)
  2 deep elf death magi
  3 merfolk javelineers
  A yaktaur captain (Vaults:1)
  2 deep elf high priests
  A merfolk avatar (Lair:6)
  A centaur warrior (Shoals:3)
  A merfolk aquamancer (Shoals:4)
  A dancing weapon (Elf:1)
  A deep troll earth mage (Vaults:1)
  3 death yaks (Lair:5)
  An orc high priest (Elf:1)
  A deep elf knight (Elf:2)
  A small abomination (Elf:2)
  A sea snake (Shoals:4)
  3 deep elf archers
  A harpy (Vaults:1)
  2 ironbrand convokers (Vaults:1)
  A wolf spider (Spider:4)
  An orb spider (Spider:3)
  An orc knight (Orc:2)
  5 deep elf magi
  2 ugly things (Vaults:1)
  A cyclops (Shoals:4)
  A faun (Shoals:3)
  A siren (Shoals:4)
  A centaur zombie (D:13)
  3 elephants (Lair:6)
  A spiny frog (Lair:4)
  2 rime drakes (Lair:6)
  A demonic crawler (Spider:2)
  2 komodo dragons (Lair:6)
  4 jumping spiders (Spider:3)
  A troll (D:9)
  2 polar bears
  2 slime creatures (D:13)
  Grinder (D:5)
  2 merfolk
  2 hippogriffs (Lair:4)
  6 dream sheep (Lair:4)
  A tarantella (Spider:3)
  7 redbacks
  3 yaks (Lair:6)
  A wyvern (Lair:6)
  2 water elementals
  A vampire mosquito (D:13)
  A water moccasin (D:7)
  A porcupine (Lair:4)
  2 ice beasts (D:5)
  A sky beast (D:5)
  6 orc warriors
  3 black bears
  A phantom (D:5)
  An ogre (D:6)
  3 centaurs
  A wyvern skeleton (D:8)
  5 killer bees (Spider:1)
  A hound (D:5)
  6 orc priests
  Crazy Yiuf (D:5)
  9 gnolls
  A white imp (D:4)
  An ooze (D:7)
  15 orcs
  A giant cockroach (D:5)
  A goblin (Bailey)
  A hobgoblin (Bailey)
  2 jackals (D:6)
  3 kobolds (D:9)
  A quokka (D:5)
  A ball python (D:9)
  A jackal zombie (D:6)
  2 crawling corpses
163 creatures vanquished.

Vanquished Creatures (others)
  An alligator snapping turtle (Shoals:4)
  A redback (Spider:3)
  3 humans (D:13)
  A yak (Lair:5)
  A goblin (Bailey)
  6 fungi
  18 plants
  4 tentacles (Shoals:2)
35 creatures vanquished.

Grand Total: 2054 creatures vanquished

Notes
Turn   | Place    | Note
-------+----------+-------------------------------------------
     0 | D:1      | Mefis the Deep Elf Ice Elementalist began the quest for the Orb.
     0 | D:1      | Reached XP level 1. HP: 10/10 MP: 6/6
   203 | D:1      | Reached XP level 2. HP: 15/15 MP: 6/8
   207 | D:1      | Learned a level 2 spell: Throw Frost
   654 | D:1      | Reached XP level 3. HP: 13/19 MP: 7/10
   659 | D:1      | Learned a level 3 spell: Ozocubu's Armour
  1424 | D:2      | Noticed Ijyb
  1905 | D:2      | Reached XP level 4. HP: 19/24 MP: 1/11
  1911 | D:2      | Learned a level 4 spell: Summon Ice Beast
  2003 | D:2      | Found a snail-covered altar of Cheibriados.
  2182 | D:2      | Reached skill level 4 in Spellcasting
  2428 | D:2      | Killed Ijyb
  3254 | D:3      | Found a burning altar of Makhleb.
  3837 | D:3      | Reached skill level 1 in Charms
  3837 | D:3      | Reached XP level 5. HP: 28/28 MP: 2/13
  4463 | D:3      | Reached skill level 1 in Summonings
  5194 | D:4      | Noticed an ogre
  5199 | D:4      | Killed an ogre
  5199 | D:4      | Reached XP level 6. HP: 32/32 MP: 2/15
  6322 | D:4      | Reached skill level 5 in Spellcasting
  6453 | D:4      | Reached XP level 7. HP: 36/36 MP: 4/16
  6506 | D:5      | Entered Level 5 of the Dungeon
  6506 | D:5      | Found Orest's Magic Scroll Emporium.
  6591 | D:5      | Bought a scroll of blinking for 90 gold pieces
  6591 | D:5      | Bought a scroll of identify for 24 gold pieces
  6591 | D:5      | Bought a scroll of identify for 24 gold pieces
  6591 | D:5      | Bought a scroll of identify for 24 gold pieces
  6591 | D:5      | Bought a scroll of identify for 24 gold pieces
  6710 | D:5      | Reached skill level 5 in Ice Magic
  6851 | D:5      | Learned a level 4 spell: Throw Icicle
  6922 | D:5      | Found a hide-covered altar of Uskayaw.
  7132 | D:5      | Reached skill level 1 in Evocations
  7244 | D:5      | Noticed Grinder
  7547 | D:5      | Reached XP level 8. HP: 34/41 MP: 10/18
  7644 | D:5      | Found a runed door.
  7650 | D:5      | Noticed Crazy Yiuf
  7660 | D:5      | Killed Crazy Yiuf
  8477 | D:5      | Killed Grinder
  8477 | D:5      | Reached skill level 5 in Stealth
  8609 | D:5      | Found a staircase to the Ecumenical Temple.
  8746 | Temple   | Entered the Ecumenical Temple
  8761 | Temple   | Became a worshipper of Sif Muna the Loreminder
  8966 | D:5      | Bought a scroll of identify for 24 gold pieces
  9354 | D:6      | Reached skill level 6 in Spellcasting
  9517 | D:6      | Reached skill level 5 in Conjurations
  9676 | D:6      | Reached skill level 5 in Summonings
  9914 | D:6      | Reached skill level 5 in Dodging
  9914 | D:6      | Reached skill level 5 in Charms
 10058 | D:6      | Reached skill level 1 in Invocations
 10527 | D:6      | Reached XP level 9. HP: 45/45 MP: 17/20
 10615 | D:6      | Found a shattered altar of Ashenzari.
 10624 | D:6      | Saw a vision of the Shoals and the Spider Nest.
 10624 | D:6      | Noticed a merfolk
 10624 | D:6      | Noticed a merfolk
 10624 | D:6      | Noticed a sea snake
 10625 | D:6      | Noticed a sea snake
 10626 | D:6      | Noticed a merfolk
 10627 | D:6      | Noticed a merfolk
 10627 | D:6      | Noticed a merfolk
 10660 | D:6      | Reached * piety under Sif Muna
 11091 | D:6      | Reached skill level 7 in Spellcasting
 11829 | D:6      | Found a glowing golden altar of the Shining One.
 12119 | D:7      | Reached ** piety under Sif Muna
 12589 | D:7      | Found a faded altar of an unknown god.
 12589 | D:7      | Found a faded altar of an unknown god.
 12594 | D:7      | Found a faded altar of an unknown god.
 12596 | D:7      | Found a stormy altar of Qazlal.
 12597 | D:7      | Found a faded altar of an unknown god.
 12999 | D:7      | Found Xunoesk's Weapon Shop.
 13089 | D:7      | Reached skill level 1 in Shields
 13609 | D:5      | Bought a scroll of summoning for 114 gold pieces
 13712 | D:8      | Reached skill level 8 in Spellcasting
 14065 | D:8      | Reached XP level 10. HP: 50/50 MP: 11/24
 14132 | D:8      | Found a shimmering altar of Xom.
 14192 | D:8      | Found a bloodstained altar of Trog.
 14676 | D:8      | Reached *** piety under Sif Muna
 16651 | D:9      | Noticed Erolcha
 16656 | D:9      | Killed Erolcha
 16656 | D:9      | Reached skill level 9 in Spellcasting
 16788 | D:9      | Reached **** piety under Sif Muna
 16849 | D:9      | Learned a level 3 spell: Regeneration
 16852 | D:9      | Learned a level 2 spell: Shroud of Golubria
 17577 | D:9      | Reached skill level 1 in Necromancy
 18364 | D:9      | Reached XP level 11. HP: 54/54 MP: 19/26
 18532 | D:10     | Entered Level 10 of the Dungeon
 18629 | D:10     | Noticed Harold
 18837 | D:10     | Killed Harold
 19286 | D:10     | Reached skill level 10 in Spellcasting
 19997 | D:9      | Reached skill level 1 in Translocations
 20455 | D:10     | Noticed a hill giant
 20796 | D:10     | Learned a level 5 spell: Iskenderun's Battlesphere
 20801 | D:10     | Learned a level 4 spell: Fulminant Prism
 20827 | D:10     | Reached ***** piety under Sif Muna
 20935 | D:10     | Identified Sif Muna's Incunabulum of Supportive Conjuration (Sif Muna gifted it to you on level 10 of the Dungeon)
 20935 | D:10     | Received a gift from Sif Muna
 20935 | D:10     | Reached skill level 5 in Invocations
 20945 | D:10     | Learned a level 6 spell: Bolt of Cold
 21295 | D:10     | Noticed a hill giant
 21325 | D:10     | Killed a hill giant
 21982 | D:10     | Noticed a necromancer
 22002 | D:10     | Killed a necromancer
 22601 | D:10     | Found a staircase to the Lair.
 22606 | D:10     | Noticed a skeletal warrior
 22623 | D:10     | Reached XP level 12. HP: 59/59 MP: 10/28
 23950 | Lair:1   | Entered Level 1 of the Lair of Beasts
 24142 | Lair:1   | Reached skill level 10 in Conjurations
 24206 | Lair:1   | Learned a level 3 spell: Dazzling Spray
 24256 | Lair:1   | Reached skill level 10 in Ice Magic
 25325 | Lair:1   | Reached skill level 11 in Spellcasting
 25711 | Lair:2   | Noticed Nergalle
 25808 | Lair:2   | Killed Nergalle
 26745 | Lair:2   | Found a hole to the Spider Nest.
 27086 | Lair:3   | Noticed a six-headed hydra
 27094 | Lair:3   | Killed a six-headed hydra
 27323 | Lair:3   | Reached XP level 13. HP: 63/63 MP: 23/30
 27692 | Lair:3   | Got a shimmering falchion
 27693 | Lair:3   | Identified the +8 falchion of Symmetry {freeze, +Fly Dex+3} (You found it on level 3 of the Lair of Beasts)
 28526 | Lair:3   | Reached skill level 5 in Necromancy
 29232 | Lair:4   | Reached skill level 12 in Spellcasting
 29465 | Lair:4   | Found a staircase to the Shoals.
 29499 | Lair:4   | Received a gift from Sif Muna
 29509 | Lair:4   | Learned a level 2 spell: Blink
 29512 | Lair:4   | Learned a level 2 spell: Slow
 29518 | Lair:4   | Learned a level 4 spell: Animate Dead
 29542 | Lair:4   | Learned a level 3 spell: Mephitic Cloud
 29686 | Lair:4   | Noticed Urug
 29807 | Lair:4   | Killed Urug
 29959 | Lair:4   | Reached skill level 5 in Translocations
 30611 | Lair:4   | Reached skill level 10 in Charms
 31726 | Lair:5   | Found a staircase to the Slime Pits.
 33201 | Lair:6   | Entered Level 6 of the Lair of Beasts
 33210 | Lair:6   | Reached XP level 14. HP: 68/68 MP: 15/32
 33321 | Lair:6   | Reached skill level 13 in Spellcasting
 35727 | Lair:6   | Reached skill level 10 in Dodging
 35768 | Lair:6   | Identified Puits's Disquisition on Confrontation (Sif Muna gifted it to you on level 6 of the Lair of Beasts)
 35768 | Lair:6   | Received a gift from Sif Muna
 36433 | Lair:1   | Learned a level 7 spell: Orb of Destruction
 36437 | Lair:1   | Learned a level 2 spell: Ensorcelled Hibernation
 36544 | D:5      | Bought a scroll of amnesia for 42 gold pieces
 36544 | D:5      | Bought a scroll of enchant armour for 90 gold pieces
 36544 | D:5      | Bought a scroll of teleportation for 36 gold pieces
 36695 | D:11     | Found a glowing golden altar of the Shining One.
 36787 | D:11     | Found a portal to a secret trove of treasure.
 36984 | D:11     | Found a flagged portal.
 37015 | D:11     | Reached skill level 14 in Spellcasting
 37103 | Bailey   | Entered a bailey
 37498 | Bailey   | Noticed an orc warlord
 37503 | Bailey   | Killed an orc warlord
 37508 | Bailey   | Noticed Kosschaser's ghost (novice DrAs)
 37513 | Bailey   | Killed Kosschaser's ghost
 37921 | Bailey   | Learned a level 2 spell: Swiftness
 37924 | Bailey   | Learned a level 2 spell: Repel Missiles
 38288 | D:11     | Found a shadowy altar of Dithmenos.
 38700 | D:11     | Found a staircase to the Orcish Mines.
 39526 | D:12     | Reached XP level 15. HP: 72/72 MP: 11/35
 41165 | D:13     | Noticed Kirke
 41171 | D:13     | Noticed a sphinx
 41172 | D:13     | Killed Kirke
 41420 | D:13     | Found Nerch's Assorted Antiques.
 41460 | D:13     | Bought a glowing coral ring for 160 gold pieces
 41460 | D:13     | Bought a shiny helmet for 336 gold pieces
 41460 | D:13     | Bought a potion of haste for 320 gold pieces
 41460 | D:13     | Bought a fuming emerald potion for 28 gold pieces
 41491 | D:13     | Gained mutation: You are agile. (Dex +2) [potion of beneficial mutation]
 42195 | D:13     | Got a shimmering amber ring
 42197 | D:13     | Identified the ring of Feweycir {*Tele rF+ rC+ rN+} (You found it on level 13 of the Dungeon)
 42985 | Lair:1   | Learned a level 6 spell: Shadow Creatures
 43560 | D:14     | Found a gate to the Vaults.
 44508 | D:15     | Entered Level 15 of the Dungeon
 45654 | D:15     | Identified Sif Muna's Collected Works on the Creative Rocks (Sif Muna gifted it to you on level 15 of the Dungeon)
 45654 | D:15     | Received a gift from Sif Muna
 45665 | D:15     | Learned a level 6 spell: Freezing Cloud
 45673 | D:15     | Learned a level 6 spell: Bolt of Cold
 45749 | D:15     | Found a staircase to the Depths.
 45749 | D:15     | Noticed a frost giant
 45752 | D:15     | Killed a frost giant
 46566 | Lair:1   | Learned a level 5 spell: Metabolic Englaciation
 46767 | Orc:1    | Entered Level 1 of the Orcish Mines
 46803 | Orc:1    | Noticed Snorg
 46808 | Orc:1    | Killed Snorg
 46873 | Orc:1    | Found Qaleej's Antique Weapon Emporium.
 46951 | Orc:1    | Found Naip's Gadget Shop.
 47232 | Orc:1    | Noticed an orc warlord
 47236 | Orc:1    | Reached skill level 15 in Spellcasting
 47241 | Orc:1    | Killed an orc warlord
 47273 | Orc:1    | Found Irulah's Assorted Antiques.
 47276 | Orc:1    | Got a crude scimitar {speed}
 47492 | Orc:1    | Bought a scroll of identify for 48 gold pieces
 47535 | Orc:1    | Found Oleytet's General Store.
 47543 | Orc:1    | Bought a scroll of identify for 24 gold pieces
 47842 | Orc:1    | Noticed Erica
 47844 | Orc:1    | Killed Erica
 47930 | Orc:1    | Identified the +4 scimitar of Destiny {speed, MR+ Int+3} (You took it off a deep elf mage on level 1 of the Orcish Mines)
 48006 | Orc:2    | Entered Level 2 of the Orcish Mines
 48137 | Orc:2    | Reached XP level 16. HP: 76/76 MP: 24/37
 48299 | Orc:2    | Found Jexzol's Antique Weapon Boutique.
 48656 | Orc:2    | Found a staircase to the Elven Halls.
 48924 | Orc:2    | Reached skill level 10 in Necromancy
 49247 | Orc:2    | Found Retijycs's Distillery.
 49274 | Orc:2    | Found Erihuacs's Jewellery Emporium.
 49274 | Orc:2    | Found Ulaggeam's General Store.
 49282 | Orc:2    | Found Bemmycw's Magic Scroll Shoppe.
 49292 | Orc:2    | Bought a scroll of identify for 28 gold pieces
 49292 | Orc:2    | Bought a scroll of summoning for 133 gold pieces
 49292 | Orc:2    | Bought a scroll of fear for 49 gold pieces
 49292 | Orc:2    | Bought a scroll of identify for 28 gold pieces
 49292 | Orc:2    | Bought a scroll of teleportation for 42 gold pieces
 49292 | Orc:2    | Bought a scroll of fog for 28 gold pieces
 49295 | Orc:2    | Bought a scroll of blinking for 97 gold pieces
 49296 | Orc:2    | Bought a potion of invisibility for 112 gold pieces
 49296 | Orc:2    | Bought a potion of heal wounds for 70 gold pieces
 49296 | Orc:2    | Bought a potion of resistance for 140 gold pieces
 49296 | Orc:2    | Bought a potion of agility for 56 gold pieces
 49296 | Orc:2    | Bought a potion of agility for 56 gold pieces
 49850 | Orc:1    | Found Dihoffyk's Armour Shoppe.
 50099 | Lair:1   | Learned a level 7 spell: Spellforged Servitor
 50299 | Orc:2    | Reached XP level 17. HP: 90/90 MP: 31/38
 50576 | Elf:1    | Entered Level 1 of the Elven Halls
 50805 | Elf:1    | Noticed Azzok's ghost (adept MiFi)
 50823 | Elf:1    | Killed Azzok's ghost
 51694 | Elf:1    | Noticed a Brimstone Fiend
 51695 | Elf:1    | Reached skill level 5 in Fighting
 52587 | Elf:1    | Found Ixopyh's One-of-a-Kind Books.
 53059 | Elf:2    | Found Jameeges's Gadget Boutique.
 53620 | Elf:2    | Found a huge runed gate.
 53620 | Elf:2    | Found a huge runed gate.
 53620 | Elf:2    | Found a huge runed gate.
 53622 | Elf:2    | Found a huge runed gate.
 53623 | Elf:2    | Found a huge runed gate.
 53699 | Elf:2    | Found a deep blue altar of Sif Muna.
 53935 | Elf:2    | Reached skill level 16 in Spellcasting
 54339 | Elf:3    | Entered Level 3 of the Elven Halls
 54604 | Elf:3    | Identified Sif Muna's Tome of Hurtful Aid (Sif Muna gifted it to you on level 3 of the Elven Halls)
 54604 | Elf:3    | Received a gift from Sif Muna
 54701 | Elf:3    | Reached XP level 18. HP: 90/96 MP: 11/40
 56074 | Elf:3    | Reached skill level 10 in Summonings
 56563 | Elf:3    | Noticed an Ice Fiend
 57149 | Elf:3    | Identified Saiphoff's Catalogue of Displaced Black Arts (Sif Muna gifted it to you on level 3 of the Elven Halls)
 57149 | Elf:3    | Received a gift from Sif Muna
 57172 | Elf:3    | Identified the Reference Book on Dislocation and Lightness
 57180 | Elf:3    | Got a crystal flail
 57184 | Elf:3    | Identified the +0 flail of Rubbish {distort, Dex+7} (You found it on level 3 of the Elven Halls)
 57202 | Elf:3    | Reached skill level 15 in Ice Magic
 57310 | Elf:3    | Got an encrusted spear
 57311 | Elf:3    | Identified the +9 spear "Fuz Haown" {venom, +Inv Str-2 SInv Stlth+} (You found it on level 3 of the Elven Halls)
 57341 | Elf:3    | Got a warped rapier
 57342 | Elf:3    | Identified the +2 rapier of Cowardice {freeze, Dex+3} (You found it on level 3 of the Elven Halls)
 58867 | Elf:2    | Reached skill level 15 in Charms
 59519 | Elf:2    | Reached XP level 19. HP: 103/103 MP: 27/41
 59528 | Elf:2    | Reached skill level 17 in Spellcasting
 59797 | Elf:2    | Reached skill level 15 in Conjurations
 60287 | Orc:1    | Bought a +2 pair of boots of flying for 258 gold pieces
 60307 | Orc:1    | Bought a scroll of fear for 84 gold pieces
 60418 | Orc:2    | Bought 2 potions of haste for 280 gold pieces
 60529 | Orc:1    | Bought a potion of cancellation for 192 gold pieces
 60667 | D:13     | Bought a scroll of summoning for 304 gold pieces
 60757 | Lair:1   | Learned a level 7 spell: Haunt
 60890 | Shoals:1 | Entered Level 1 of the Shoals
 62002 | Shoals:1 | Reached skill level 10 in Invocations
 62863 | Shoals:2 | Identified Sif Muna's Grimoire of the Flamy Entourage (Sif Muna gifted it to you on level 2 of the Shoals)
 62863 | Shoals:2 | Received a gift from Sif Muna
 64236 | Shoals:3 | Gained mutation: Your muscles are strong. (Str +2) [potion of beneficial mutation]
 64562 | Shoals:3 | Got a transparent spear
 64563 | Shoals:3 | Identified the +9 spear of Extinguishment {pain, Dex+3 SInv} (You found it on level 3 of the Shoals)
 65384 | Shoals:4 | Entered Level 4 of the Shoals
 65384 | Shoals:4 | Noticed Bai Suzhen
 65402 | Shoals:4 | Killed Bai Suzhen
 65728 | Shoals:4 | Noticed Ilsuiw
 65737 | Shoals:4 | Killed Ilsuiw
 66322 | Shoals:4 | Got a barnacled rune of Zot
 66969 | Shoals:4 | Got a shimmering whip
 66970 | Shoals:4 | Identified the +10 whip of Circular Logic {slash, +Inv rPois MR- Str+4 Int+2} (You found it on level 4 of the Shoals)
 67029 | Shoals:4 | Identified Lics's Guide on Summoning (Sif Muna gifted it to you on level 4 of the Shoals)
 67029 | Shoals:4 | Received a gift from Sif Muna
 67036 | Shoals:4 | Learned a level 1 spell: Summon Butterflies
 67764 | Spider:1 | Entered Level 1 of the Spider Nest
 68634 | Spider:1 | Reached XP level 20. HP: 108/108 MP: 15/43
 71009 | Spider:2 | Noticed Agnes
 71015 | Spider:2 | Killed Agnes
 71117 | Spider:2 | Noticed Frances
 71123 | Spider:2 | Killed Frances
 73089 | Spider:4 | Entered Level 4 of the Spider Nest
 73245 | Spider:4 | Reached skill level 10 in Translocations
 73381 | Spider:4 | Reached skill level 18 in Spellcasting
 75704 | Spider:4 | Identified Sif Muna's Collected Works on Attacks and Poison (Sif Muna gifted it to you on level 4 of the Spider Nest)
 75704 | Spider:4 | Received a gift from Sif Muna
 75828 | Spider:4 | Noticed Mara
 75837 | Spider:4 | Noticed Mefis's illusion
 75941 | Spider:4 | Killed Mara
 76379 | Spider:4 | Reached XP level 21. HP: 112/112 MP: 0/45
 76553 | Spider:4 | Got a gossamer rune of Zot
 77404 | Vaults:1 | Entered Level 1 of the Vaults
 77949 | Vaults:1 | Found a stormy altar of Qazlal.
 78350 | Vaults:1 | Identified Sif Muna's Grimoire of Poisonous Flames (Sif Muna gifted it to you on level 1 of the Vaults)
 78350 | Vaults:1 | Received a gift from Sif Muna
 79441 | Vaults:1 | Noticed Saint Roka
 79456 | Vaults:1 | Killed Saint Roka
 81621 | Vaults:2 | Received a gift from Sif Muna
 82495 | Vaults:2 | Reached skill level 19 in Spellcasting
 82970 | Vaults:2 | Reached XP level 22. HP: 117/117 MP: 43/47
 83679 | Vaults:3 | Got a wavering marble ring
 83681 | Vaults:3 | Identified the cursed ring of Pyromania {rC+ Str+4 Slay-2} (You found it on level 3 of the Vaults)
 84109 | Vaults:3 | Identified Noeddek's Catalogue of the Glacier and Unholy Magic (Sif Muna gifted it to you on level 3 of the Vaults)
 84109 | Vaults:3 | Received a gift from Sif Muna
 84112 | Vaults:3 | Reached skill level 15 in Necromancy
 84124 | Vaults:3 | Learned a level 8 spell: Death's Door
 84442 | Vaults:2 | HP: 4/117 [cloud of freezing vapour (9)]
 84443 | Vaults:2 | Engulfed by a cloud of freezing vapour

Skill      XL: |  1  2  3  4  5  6  7  8  9 10 11 12 13 14 15 16 17 18 19 20 21 22 |
---------------+-------------------------------------------------------------------+-----
Ice Magic      | 4 5 6 8 9 10 11 12 13 14 15 16 | 16.9
Stealth        | 3 4 5 |  5.0
Spellcasting   | 4 5 6 8 9 10 11 12 14 15 16 17 18 19 | 19.1
Conjurations   | 2 3 4 5 6 8 9 10 11 12 13 14 15 16 | 16.5
Dodging        | 3 4 5 6 7 8 9 10 | 10.6
Charms         | 1 2 4 5 6 7 8 9 10 11 12 13 14 15 16 17 | 17.9
Summonings     | 2 3 5 6 9 11 12 13 14 | 14.2
Evocations     | 1 2 |  2.6
Invocations    | 1 3 4 5 6 7 8 9 11 13 14 | 14.8
Shields        | 1 2 3 4 |  4.1
Necromancy     | 1 3 4 6 7 9 10 11 12 13 14 15 | 15.0
Translocations | 2 4 5 6 7 8 11 12 | 12.9
Fighting       | 4 5 6 |  6.0

Action                   |  1- 3 |  4- 6 |  7- 9 | 10-12 | 13-15 | 16-18 | 19-21 | 22-24 || total
-------------------------+-------+-------+-------+-------+-------+-------+-------+-------++-------
Melee: Dagger            |     3 |       |       |       |       |       |       |       ||     3
       Short sword       |     5 |    10 |    55 |   126 |       |       |       |       ||   196
       Falchion          |       |       |       |       |   377 |    11 |       |       ||   388
       Scimitar          |       |       |       |       |       |    52 |     2 |       ||    54
       Whip              |       |       |       |       |       |       |    61 |       ||    61
       Staff             |       |       |       |       |       |       |     2 |       ||     2
 Cast: Freeze            |    27 |    36 |    56 |    63 |       |       |       |       ||   182
       Throw Frost       |    33 |    87 |   163 |   134 |       |       |       |       ||   417
       Ozocubu's Armour  |     4 |     7 |    19 |    30 |    40 |     6 |    44 |     1 ||   151
       Summon Ice Beast  |       |     3 |    37 |    18 |    13 |       |       |       ||    71
       Throw Icicle      |       |       |    49 |   228 |   142 |       |       |       ||   419
       Shroud of Golubri |       |       |       |    18 |    37 |     5 |    24 |     1 ||    85
       Bolt of Cold      |       |       |       |    92 |   398 |   222 |   644 |    33 ||  1389
       Regeneration      |       |       |       |     3 |     6 |    10 |    20 |       ||    39
       Iskenderun's Batt |       |       |       |     4 |     1 |       |       |       ||     5
       Animate Dead      |       |       |       |       |    36 |     4 |       |       ||    40
       Dazzling Spray    |       |       |       |       |     1 |       |       |       ||     1
       Blink             |       |       |       |       |     3 |     4 |     3 |       ||    10
       Repel Missiles    |       |       |       |       |     2 |     4 |     6 |     1 ||    13
       Freezing Cloud    |       |       |       |       |    15 |    42 |    76 |     1 ||   134
       Orb of Destructio |       |       |       |       |     6 |    73 |   108 |    16 ||   203
       Metabolic Englaci |       |       |       |       |     1 |    13 |    22 |     1 ||    37
       Spellforged Servi |       |       |       |       |       |    18 |    17 |       ||    35
       Haunt             |       |       |       |       |       |       |    19 |       ||    19
       Summon Butterflie |       |       |       |       |       |       |     3 |       ||     3
       Swiftness         |       |       |       |       |       |       |     2 |       ||     2
       Death's Door      |       |       |       |       |       |       |       |     2 ||     2
Invok: Channel Magic     |       |       |       |    12 |    17 |    19 |    36 |       ||    84
       Forget Spell      |       |       |       |     1 |     7 |     1 |       |     1 ||    10
Evoke: Wand              |       |       |       |     6 |       |     6 |     9 |       ||    21
       Fan of gales      |       |       |       |       |       |       |     3 |       ||     3
       Phial of floods   |       |       |       |       |       |       |     3 |       ||     3
       Sack of spiders   |       |       |       |       |       |       |     2 |       ||     2
  Use: Scroll            |       |     8 |     6 |    11 |    12 |    13 |    14 |     1 ||    65
       Potion            |       |       |       |     1 |     2 |     5 |     3 |       ||    11
 Stab: Sleeping          |     2 |     1 |       |       |     4 |       |       |       ||     7
       Distracted        |       |       |       |       |     3 |     1 |       |       ||     4
  Eat: Chunk             |     4 |     7 |    15 |    34 |    72 |    38 |    63 |     4 ||   237
       Bread ration      |       |     1 |     2 |     1 |     5 |     1 |     3 |       ||    13
       Meat ration       |       |     1 |     1 |     4 |     1 |       |     1 |       ||     8
       Fruit             |       |       |     1 |     1 |       |       |     3 |       ||     5
       Pizza             |       |       |       |     2 |     2 |       |       |       ||     4
       Royal jelly       |       |       |       |     2 |     1 |       |       |       ||     3
       Beef jerky        |       |       |       |     2 |       |     1 |       |       ||     3
Armor: Robe              |     3 |     4 |    35 |    72 |    87 |    18 |    71 |     1 ||   291
Dodge: Dodged            |    21 |    29 |   109 |   255 |   417 |    88 |   282 |    10 ||  1211
       Deflected         |       |       |       |       |    11 |    15 |    36 |     3 ||    65
Block: Buckler           |       |       |       |    20 |   119 |    45 |    61 |     3 ||   248
       Rpst.: Falchion   |       |       |       |       |   116 |     3 |       |       ||   119
       Scimitar          |       |       |       |       |       |    15 |       |       ||    15
